 Dungeon Crawl Stone Soup version 0.28-a0-1510-gd0f6b136d3 (webtiles) character file.

Game seed: 15866827169722410844

12148 murtidash the Nimble (level 12, -8/91 HPs)
             Began as a Djinni Hedge Wizard on Jan 13, 2022.
             Was a Believer of Makhleb.
             Shot with a bolt by an orc warrior (20 damage)
             ... on level 2 of the Orcish Mines on Jan 14, 2022.
             The game lasted 00:30:49 (17708 turns).

murtidash the Nimble (Djinni Hedge Wizard)         Turns: 17708, Time: 00:30:50

Health: -8/91      AC:  8    Str:  9    XL:     12   Next: 16%
Gold:   702        EV: 16    Int: 21    God:    Makhleb [**....] SH:  0 Dex: 11

rFire   + + .      SeeInvis .   t - +2 short sword (venom)
rCold   x . .      Faith    .   (no shield)
rNeg    . . .      Spirit   .   b - +0 robe
rPois   ∞          Reflect  .   c - +0 hat
rElec   .          Harm     .   j - +0 cloak
rCorr   .          Rampage  .   B - +0 pair of gloves
Will    +....                   (boots unavailable)
Stlth   ++........              x - amulet of the acrobat
HPRegen 0.25/turn               z - +4 ring of protection
MPRegen 0.00/turn               m - ring of wizardry {Wiz+, !d}

@: on berserk cooldown, flying, slowed, very slow
A: sickness immunity, fire resistance 2, cold vulnerability 1, float, innate
caster, hp casting, extra vitality 1, clumsy 1, no potion heal 1
a: Renounce Religion, Minor Destruction


You were on level 2 of the Orcish Mines.
You worshipped Makhleb.
Makhleb was pleased with you.
You visited 3 branches of the dungeon, and saw 12 of its levels.

You collected 741 gold pieces.
You spent 39 gold pieces at shops.

Inventory:

Hand Weapons
 a - a +0 dagger
 o - a +0 whip of freezing
   (You took it off Pikel on level 4 of the Dungeon)
 t - a +2 short sword of venom (weapon)
   (You found it on level 4 of the Dungeon)
Armour
 b - a +0 robe (worn)
 c - a +0 hat (worn)
 j - a +0 cloak (worn)
   (You found it on level 2 of the Dungeon)
 B - a +0 pair of gloves (worn)
   (You found it on level 7 of the Dungeon)
Jewellery
 i - the ring "Oxuif" {rPois rF+ rCorr Dex+2}
   (You found it on level 2 of the Dungeon)

   [ring of protection from fire]

   Dex:       It affects your dexterity (+2).
   rF:        It protects you from fire.
   rPois:     It protects you from poison.
   rCorr:     It protects you from acid and corrosion.
 m - a ring of wizardry (right hand) {Wiz+, !d}
   (You found it on level 3 of the Dungeon)
 x - an amulet of the acrobat (around neck)
   (You found it on level 5 of the Dungeon)
 z - a +4 ring of protection (left hand)
   (You found it on level 6 of the Dungeon)
 F - a ring of protection from cold {rC+, !d}
   (You found it on level 7 of the Dungeon)
Wands
 D - a wand of polymorph (14)
   (You found it on level 6 of the Dungeon)
 E - a wand of charming (4)
   (You found it on level 7 of the Dungeon)
Scrolls
 d - a scroll of identify {@r1}
 e - a scroll of acquirement {unknown}
 f - 6 scrolls of teleportation
 h - a scroll of fear {unknown}
 r - a scroll of blinking {unknown}
 u - 2 scrolls of enchant weapon
 v - 2 scrolls of fog
 y - a scroll of brand weapon {unknown}
 A - a scroll of silence
Potions
 g - a potion of lignification {unknown}
 k - 2 potions of brilliance {unknown}
 l - 2 potions of mutation {unknown}
 n - a potion of might {unknown}
 p - a potion of berserk rage {!q}
 s - 5 potions of curing
 w - a potion of haste {unknown}
 C - 2 potions of cancellation {unknown}


   Skills:
 + Level 10.3 Fighting
 + Level 11.4 Dodging
 - Level 1.5 Stealth
 * Level 9.5 Spellcasting


You had 5 spell levels left.
You knew the following spells:

 Your Spells              Type           Power      Damage    Failure   Level
b - Blink                 Tloc           100%       N/A       1%          2
c - Call Imp              Summ           50%        N/A       1%          2
s - Slow                  Hex            100%       N/A       1%          1
u - Irradiate             Conj/Tmut      25%        3d21      1%          5
x - Mephitic Cloud        Conj/Pois/Air  50%        N/A       1%          3
G - Call Canine Familiar  Summ           50%        N/A       1%          3
K - Static Discharge      Conj/Air       50%        N/A       1%          2
M - Corpse Rot            Necr/Air       100%       N/A       1%          2
U - Pain                  Necr           100%       1d9       1%          1
X - Conjure Flame         Conj/Fire      50%        6-21      1%          3
Z - Magic Dart            Conj           100%       1d8       1%          1
Your spell library was empty.

Dungeon Overview and Level Annotations

Branches:
Dungeon (9/15)             Temple (1/1) D:7            Lair (0/6) D:8
    Orc (2/2) D:9
    Elf: Orc:2

Altars:
Ashenzari
Cheibriados
Dithmenos
Elyvilon
Fedhas
Gozag
Hepliaklqana
Kikubaaqudgha
Makhleb
Nemelex Xobeh
Okawaru
Qazlal
Ru
Sif Muna
Trog
Uskayaw
Vehumet
Wu Jian
Xom
Yredelemnul
Zin
The Shining One

Shops:
D:1 ?==[   D:5 !   D:9 =


Innate Abilities, Weirdness & Mutations

You are immune to sickness and miasma.
You are immune to poison.
Your flesh is very heat resistant. (rF++)
You are vulnerable to cold. (rC-)
You float through the air rather than walking.
You learn spells naturally, not from books.
Your magical power is your life essence.
You have superior vitality. (+4 MHP)
You are clumsy. (Dex -2)
Potions are less effective at restoring your health.


Message History

You kill the orc warrior!
Makhleb accepts your kill.
You feel better.
The orc warrior shoots a bolt.
The bolt hits you!
The orc warrior hits you from afar with a +0 halberd!!
* * * LOW HITPOINT WARNING * * *
You take 34 damage, and have 19/91 hp.
MASSIVE DAMAGE!!
The orc warrior shoots a bolt.
The bolt barely misses you.
The orc warrior shoots a bolt.
The bolt closely misses you. The orc warrior closely misses you.
You hear a shout!
You fly upwards.
There is a stone staircase leading down here.
You start resting.
Your magical contamination has completely faded away.
You regained 8 hp, and now have 28/91 hp.
You start resting.
Health restored: 91 You fly downwards.
The orc warrior shoots a bolt.
The bolt hits you!
The orc warrior shoots a bolt.
The bolt misses you.
The orc unwields a +0 trident.
The orc wields a +0 arbalest.
The orc shoots a bolt.
The bolt barely misses you.
The orc warrior shoots a bolt.
The bolt hits you!
The orc warrior throws a boomerang of dispersal.
The boomerang of dispersal closely misses you.
The orc warrior shoots a bolt.
The bolt hits you!
The orc warrior shoots a bolt.
The bolt hits you!!
There is a stone staircase leading up here.
You take 44 damage, and have 47/91 hp.
MASSIVE DAMAGE!!
The orc shoots a bolt.
The bolt misses you.
The orc warrior shoots a bolt.
The bolt closely misses you.
The orc warrior shoots a bolt.
The bolt hits you!!
The orc warrior shoots a bolt.
The bolt hits you!
* * * LOW HITPOINT WARNING * * *
You fly upwards.
There is a stone staircase leading down here.
You take 28 damage, and have 19/91 hp.
MASSIVE DAMAGE!!
You start resting.
Health restored: 91
Okay, then.
Unknown command.
Unknown command.
You fly downwards.
The orc shoots a bolt.
The bolt misses you.
The orc warrior shoots a bolt.
The bolt hits you!!
The orc warrior throws a boomerang of dispersal.
The boomerang of dispersal hits you!
You blink.
The orc warrior shoots a bolt.
The bolt closely misses you.
The orc warrior shoots a bolt.
The bolt hits you!
You take 40 damage, and have 51/91 hp.
MASSIVE DAMAGE!!
As you read the scroll of fog, it crumbles to dust.
The scroll dissolves into smoke.
The orc wizard points at you and mumbles some strange words.
You are confused.
The orc warrior hits you from afar with a +0 halberd!
The orc warrior shoots a bolt.
The bolt hits you!
* * * LOW HITPOINT WARNING * * *
You take 25 damage, and have 26/91 hp.
MASSIVE DAMAGE!!
You are too confused!
Your system partially rejects the healing.
You feel much better.
The orc warrior hits you from afar with a +0 halberd!
The orc warrior shoots a bolt.
The bolt closely misses you. The orc warrior barely misses you.
An orc warrior comes into view. It is wielding a +0 broad axe.
You regained 2 hp, and now have 28/91 hp.
Really quaff
p - 2 potions of berserk rage {!q}?
A red film seems to cover your vision as you go berserk!
You feel yourself moving faster!
You feel mighty! The orc warrior barely misses you.
The orc warrior shoots a bolt.
The bolt hits you!
* * * LOW HITPOINT WARNING * * *
The orc warrior closely misses you.
You now have 34/136 hp.
You feel a strong urge to attack something.
The orc warrior shoots a bolt.
The bolt hits you!
* * * LOW HITPOINT WARNING * * *
You take 12 damage, and have 22/136 hp.
The orc shoots a bolt.
The bolt hits you!
* * * LOW HITPOINT WARNING * * *
The orc warrior shoots a bolt.
The bolt closely misses you.
The orc warrior shoots a bolt.
The bolt completely misses you.
The bolt barely misses the orc warrior.
Things that are here:
a +0 plate armour; a +0 flail You take 10 damage, and have 12/136 hp.
You are too berserk!
You are too berserk!
You feel your anger nearly subside.
You are no longer berserk.
You are exhausted.
You feel yourself slow down.
The orc warrior unwields a +0 broad axe.
The orc warrior wields a +0 arbalest.
The orc warrior shoots a bolt.
The bolt completely misses you.
Items here: (( ))))) [[.
You now have 8/91 hp.
It was a potion of curing.
Your system partially rejects the healing.
You feel better.
The orc warrior shoots a bolt.
The bolt closely misses you.
The bolt closely misses the orc warrior.
The orc unwields a +0 arbalest.
The orc wields a +0 trident.
The orc completely misses you.
The orc warrior shoots a bolt.
The bolt hits you!!
You die...

... ..# . ..## ...
...##..##
#######.........
###.##..o#........
##.........§.......
#.....[[)oo§..§...
##....)o@[o§§§...#.
##....(o.o§§#.....
##......#§o§......
#.......##§§##....
##...#.###### ...
#...#### ##....#
##.....# #...#.##


You could see 6 orc warriors, an orc wizard and an orc.

Vanquished Creatures
  An orc warlord (D:9)
  Harold (D:7)
  A two-headed ogre (D:9)
  An orc high priest (Orc:2)
  Pikel (D:4)
  2 orc knights
  A cyclops (Orc:1)
  2 trolls
  Grinder (D:4)
  A shadow (D:9)
  A wyvern (D:8)
  7 yaks
  A basilisk (D:8)
  A steam dragon (D:4)
  4 wargs
  An acid dragon (D:9)
  A water moccasin (D:8)
  2 black bears
  26 orc warriors
  A sky beast (D:5)
  2 necrophages
  An ogre (D:6)
  2 phantoms
  6 centaurs
  A lemure (D:4)
  2 kobold brigands (D:9)
  2 bullfrogs
  8 scorpions
  2 water moccasin zombies
  2 water moccasin skeletons (D:5)
  3 howler monkeys
  2 centaur zombies
  A gnoll shaman (D:9)
  A jelly (D:5)
  A centaur skeleton (D:4)
  A hound (D:5)
  2 iguanas
  Terence (D:2)
  A scorpion zombie (D:5)
  5 orc wizards
  A killer bee zombie (D:8)
  4 gnolls (D:9)
  2 howler monkey skeletons (D:7)
  7 adders
  2 shadow imps
  A white imp (D:6)
  A worm (D:4)
  5 dart slugs
  29 orcs
  6 ball pythons
  9 bats
  7 endoplasms
  2 giant cockroaches
  2 goblins
  5 hobgoblins
  3 jackals (D:1)
  14 kobolds
  2 quokkas
  3 frilled lizards
  5 rats
213 creatures vanquished.

Vanquished Creatures (collateral kills)
  A killer bee zombie (D:7)
1 creature vanquished.

Vanquished Creatures (others)
  An orc warrior (Orc:2)
  A fungus (D:8)
  7 toadstools (D:1)
9 creatures vanquished.

Grand Total: 223 creatures vanquished

Notes
Turn   | Place    | Note
-------+----------+-------------------------------------------
     0 | D:1      | murtidash the Djinni Hedge Wizard began the quest for the
                  | Orb.
     0 | D:1      | Reached XP level 1. HP: 15/15 MP: 0/0
    63 | D:1      | Found Xosuosmo's Jewellery Boutique.
    64 | D:1      | Found Lacveuq's One-of-a-Kind Rings.
   110 | D:1      | HP: 2/15 [dart slug/slug dart (5)]
   392 | D:1      | Found Hech's Magic Scroll Boutique.
   400 | D:1      | Reached XP level 2. HP: 9/21 MP: 0/0
   591 | D:1      | Bought a scroll of identify for 26 gold pieces
   591 | D:1      | Bought a scroll of noise for 13 gold pieces
   877 | D:1      | Found a faded altar of an unknown god.
   889 | D:1      | Reached skill level 3 in Spellcasting
  1047 | D:1      | Reached XP level 3. HP: 9/25 MP: 0/0
  1047 | D:1      | Learned a level 1 spell: Pain
  1653 | D:1      | Found Aggotoeh's Antique Armour Shop.
  1980 | D:2      | Reached XP level 4. HP: 30/31 MP: 0/0
  2011 | D:2      | Identified the ring "Oxuif" {rPois rF+ rCorr Dex+2}
  2195 | D:2      | Noticed Terence
  2205 | D:2      | Killed Terence
  2206 | D:2      | Reached skill level 4 in Spellcasting
  3199 | D:3      | Found a sacrificial altar of Ru.
  3442 | D:4      | Reached XP level 5. HP: 34/35 MP: 0/0
  3442 | D:4      | Learned a level 2 spell: Corpse Rot
  3524 | D:4      | Noticed Grinder
  3544 | D:4      | Killed Grinder
  3545 | D:4      | Reached skill level 5 in Spellcasting
  3545 | D:4      | Reached XP level 6. HP: 19/40 MP: 0/0
  3845 | D:4      | Reached XP level 7. HP: 31/45 MP: 0/0
  3845 | D:4      | Learned a level 2 spell: Static Discharge
  3949 | D:4      | Noticed a steam dragon
  3956 | D:4      | Killed a steam dragon
  3957 | D:4      | Reached skill level 6 in Spellcasting
  4089 | D:4      | Noticed Pikel
  4101 | D:4      | Killed Pikel
  4102 | D:4      | Reached skill level 3 in Fighting
  4102 | D:4      | Reached skill level 4 in Dodging
  4102 | D:4      | Reached XP level 8. HP: 22/56 MP: 0/0
  4949 | D:5      | Entered Level 5 of the Dungeon
  5169 | D:5      | Reached skill level 4 in Fighting
  5169 | D:5      | Reached skill level 5 in Dodging
  5602 | D:5      | Reached XP level 9. HP: 53/63 MP: 0/0
  5602 | D:5      | Learned a level 3 spell: Call Canine Familiar
  5748 | D:5      | HP: 10/63 [sky beast (6)]
  6097 | D:5      | Found Jeqaufeh's Distillery.
  6157 | D:5      | Reached skill level 6 in Dodging
  6232 | D:5      | Reached skill level 5 in Fighting
  7441 | D:6      | Reached skill level 7 in Spellcasting
  7724 | D:6      | Reached skill level 7 in Dodging
  7729 | D:6      | Reached skill level 6 in Fighting
  8147 | D:7      | Noticed Harold
  8171 | D:7      | HP: 5/66 [Harold (19)]
  8176 | D:7      | HP: 4/66 [white imp/puff of frost (12)]
  8186 | D:7      | Killed Harold
  8187 | D:7      | Reached XP level 10. HP: 35/73 MP: 0/0
  8589 | D:6      | Reached skill level 8 in Dodging
  8630 | D:6      | Upgraded the game from 0.28-a0-1506-g3893175d92 to
                  | 0.28-a0-1510-gd0f6b136d3
  8777 | D:7      | Reached skill level 7 in Fighting
  8977 | D:7      | Found a staircase to the Ecumenical Temple.
  9027 | Temple   | Entered the Ecumenical Temple
  9345 | Temple   | Became a worshipper of Makhleb the Destroyer
  9967 | D:8      | Found an iron altar of Okawaru.
 10480 | D:8      | Reached skill level 9 in Dodging
 10696 | D:8      | Found a staircase to the Lair.
 11089 | D:9      | Reached skill level 8 in Fighting
 11440 | D:9      | Found a staircase to the Orcish Mines.
 12305 | D:9      | Reached XP level 11. HP: 69/82 MP: 0/0
 12305 | D:9      | Learned a level 5 spell: Irradiate
 12446 | D:9      | Reached * piety under Makhleb
 12447 | D:9      | Reached skill level 10 in Dodging
 12510 | D:9      | Noticed a two-headed ogre
 12529 | D:9      | Killed a two-headed ogre
 12530 | D:9      | Reached skill level 9 in Fighting
 12530 | D:9      | Reached skill level 8 in Spellcasting
 12832 | D:9      | Found Quypt's Jewellery Shoppe.
 13050 | Orc:1    | Entered Level 1 of the Orcish Mines
 13050 | Orc:1    | Noticed an orc knight
 13448 | D:9      | Killed an orc knight
 13670 | Orc:1    | Noticed an orc warlord
 14193 | D:8      | Gained mutation: You are clumsy. (Dex -2) [mutagenic glow]
 14286 | D:9      | Killed an orc warlord
 14376 | Orc:1    | Noticed a cyclops
 14916 | Orc:1    | Killed a cyclops
 15363 | Orc:1    | Reached skill level 11 in Dodging
 15506 | Orc:2    | Entered Level 2 of the Orcish Mines
 15536 | Orc:2    | Noticed an orc high priest
 15555 | Orc:2    | Killed an orc high priest
 15556 | Orc:2    | Reached skill level 9 in Spellcasting
 15763 | Orc:2    | Reached skill level 10 in Fighting
 15766 | Orc:2    | Reached ** piety under Makhleb
 15769 | Orc:1    | Gained mutation: Potions are less effective at restoring
                  | your health. [mutagenic glow]
 16231 | Orc:2    | Reached XP level 12. HP: 80/91 MP: 0/0
 17411 | Orc:2    | HP: 18/91 [orc warrior/bolt (11)]
 17705 | Orc:2    | HP: 22/136 [orc warrior/bolt (12)]
 17708 | Orc:2    | Shot with a bolt by an orc warrior

Illustrated notes

Levels and vault maps discovered:
D:1:      nagdon_arrival_double_spiral, layout_rooms, basic_ecumenical_altar,
          serial_shops, shop, shop, shop_coins, minivault_4,
          nicolae_shop_unique_rings, dk_noncrumbling_3
D:2:      layout_basic, ebering_dispersal_statue_hall, grunt_decor_cap,
          uniq_terence
D:3:      layout_loops_ring, mainiacjoe_overflow_alcove_1, minivault_19
D:4:      layout_loops_ring, hangedman_decor_slide_cut, uniq_pikel, uniq_grinder
D:5:      layout_loops_cross, serial_shops, shop
D:6:      old_forge, layout_basic, corexii_item_surrounded_by_moat
D:7:      layout_loops_ring, minmay_temple_entry_tees,
          wad_floor_pattern_untrapped, uniq_harold
D:8:      layout_basic, nicolae_overflow_hidden_temple, david_lair_generic
D:9:      layout_grid_maze, orc_0_dummy, serial_shops, nicolae_lakefront_shop,
          skrybe_limestone_x
Temple:   mainiacjoe_temple_cubbyholes
Orc:1:    layout_caves, serial_shops, shop_statue
Orc:2:    st_orc_rangers, layout_caves, dreamdust_deal_with_the_devil,
          uniq_jorgrun

Skill      XL: |  1  2  3  4  5  6  7  8  9 10 11 |
---------------+----------------------------------+-----
Spellcasting   | 3 4 5 6 7 9 |  9.5
Fighting       | 3 4 6 8 10 | 10.3
Dodging        | 4 5 7 9 11 | 11.4
Stealth        | |  1.5

Action                   |  1- 3 |  4- 6 |  7- 9 | 10-12 || total
-------------------------+-------+-------+-------+-------++-------
Melee: Dagger            |     1 |       |       |       ||     1
       Short sword       |       |       |     6 |       ||     6
       Punch             |       |       |     1 |       ||     1
 Cast: Magic Dart        |    84 |    77 |   238 |   372 ||   771
       Mephitic Cloud    |       |     2 |    12 |    56 ||    70
       Conjure Flame     |       |     3 |    12 |    11 ||    26
       Slow              |       |     2 |       |     2 ||     4
       Static Discharge  |       |       |    12 |    11 ||    23
       Call Canine Famil |       |       |       |     3 ||     3
       Call Imp          |       |       |       |     1 ||     1
       Irradiate         |       |       |       |    44 ||    44
       Blink             |       |       |       |     4 ||     4
Evoke: Wand              |       |       |       |     1 ||     1
  Use: Scroll            |       |       |     6 |     4 ||    10
       Potion            |       |       |     2 |     3 ||     5
Armor: Robe              |     2 |     1 |    28 |    42 ||    73
Dodge: Dodged            |    16 |     6 |    79 |   229 ||   330

Table legend: (Time is in decaauts)
 A = Elapsed time spent in this place.
 B = Non-inter-level travel time spent in this place.
 C = Inter-level travel time spent in this place.
 D = Time resting spent in this place.
 E = Time spent auto-exploring this place.
 F = Levels seen in this place.
 G = Mean time per level.
                   A        B        C        D        E       F      G
               +--------+--------+--------+--------+--------+-----+--------+
         Total |  17731 |  17353 |    378 |   3057 |  12599 |  12 | 1477.6 |
       Dungeon |  14691 |  14379 |    312 |   1220 |  11723 |   9 | 1632.3 |
        Temple |    373 |    319 |     54 |      0 |    306 |   1 |  373.0 |
  Orcish Mines |   2666 |   2654 |     12 |   1837 |    570 |   2 | 1333.0 |
               +--------+--------+--------+--------+--------+-----+--------+

Top non-repeatable levels by time:
     D:9: 3773 daAuts
   Orc:1: 2558 daAuts
     D:5: 1928 daAuts
     D:1: 1713 daAuts
     D:6: 1674 daAuts
     D:8: 1598 daAuts
     D:4: 1531 daAuts
     D:2: 1103 daAuts
     D:7: 768 daAuts
     D:3: 598 daAuts
  Temple: 373 daAuts
   Orc:2: 108 daAuts

Table legend:
 A = Kills in this place as a percentage of kills in entire the game.
 B = Kills by you in this place as a percentage of kills by you in the entire game.
 C = Kills by friends in this place as a percentage of kills by friends in the entire game.
 D = Other kills in this place as a percentage of other kills in the entire game.
 E = Experience gained in this place as a percentage of experience gained in the entire game.
 F = Experience gained in this place divided by the number of levels of this place that you have seen.
                   A       B       C       D       E      F
               +-------+-------+-------+-------+-------+----------------------
         Total | 100.0 | 100.0 | 100.0 | 100.0 | 100.0 | 1446.2
       Dungeon |  74.2 |  77.6 | 100.0 |   9.1 |  64.7 | 1247.8
  Orcish Mines |  25.8 |  22.4 |   0.0 |  90.9 |  35.3 | 3062.5
               +-------+-------+-------+-------+-------+----------------------
